Map: Neon Violet Square LE

Players

Kozzy - Winner!

  • Race: Protoss Protoss
  • League: Gold
  • Spawn Location: 11:00

scraft

  • Race: Zerg Zerg
  • League: Platinum
  • Spawn Location: 5:00

VOD

Have the link to the VOD?

Description

Time

  • Played on: April 4, 2018, 3:40 a.m.
  • Length: 12:17
Show
View Real Time Build Order
Export as new Build Order

Kozzy Protoss - Winner!

Build Orders:  

Get SALT Encoding   

  12  0:01  Probe  
  13  0:13  Probe  
  14  0:18  Pylon  
  14  0:25  Probe  
  15  0:37  Probe (Chrono Boost)  
  15  0:39  Gateway  
  16  0:49  Probe (Chrono Boost)  
  17  0:52  Assimilator  
  17  0:55  Probe (Chrono Boost)  
  18  1:03  Probe  
  19  1:05  Assimilator  
  19  1:15  Probe  
  20  1:27  Probe  
  20  1:30  Pylon  
  21  1:39  Cybernetics Core  
  21  1:42  Forge  
  21  1:46  Probe (Chrono Boost)  
  22  1:58  Probe (Chrono Boost)  
  23  2:04  Probe (Chrono Boost)  
  24  2:12  Probe, Gateway  
  25  2:15  Zealot (Chrono Boost)  
  27  2:26  Shield Battery  
  27  2:37  Gateway  
  27  2:48  Gateway  
  27  2:53  Photon Cannon  
  27  2:59  Stalker  
  27  3:03  Probe  
  30  3:06  Protoss Ground Weapons Level 1 (Chrono Boost)  
  30  3:13  Warp Gate  
  30  3:19  Pylon  
  30  3:56  Nexus  
  30  3:59  Probe  
  31  4:06  Pylon  
  31  4:12  Zealot  
  31  4:16  Pylon  
  33  4:28  Twilight Council  
  33  4:35  Pylon  
  33  4:38  Gateway  
  33  4:42  Probe  
  34  5:02  Shield Battery  
  34  5:06  Gateway  
  34  5:09  Pylon  
  34  5:13  Photon Cannon  
  34  5:14  Protoss Ground Weapons Level 2 (Chrono Boost), Charge (Chrono Boost)  
  34  5:27  Stalker  
  36  5:36  Pylon  
  36  5:37  Probe  
  36  5:38  Probe  
  38  5:49  Probe  
  39  5:50  Stalker  
  39  5:53  Stalker  
  43  6:03  Gateway  
  43  6:07  Pylon  
  43  6:09  Zealot  
  45  6:23  Probe x2  
  47  6:32  Robotics Facility  
  47  6:33  Gateway  
  47  6:37  Pylon  
  48  6:46  Probe  
  48  6:48  Zealot x2  
  48  6:49  Zealot  
  54  7:01  Pylon  
  54  7:14  Gateway  
  54  7:15  Pylon  
  54  7:18  Gateway, Zealot  
  54  7:20  Pylon  
  54  7:21  Stalker, Protoss Ground Weapons Level 3 (Chrono Boost)  
  58  7:33  Observer (Chrono Boost)  
  59  7:50  Warp Prism (Chrono Boost)  
  61  7:54  Gateway  
  61  7:56  Zealot x2  
  61  7:57  Zealot x3  
  71  8:11  Zealot x2  
  75  8:55  Zealot x4  
  79  8:56  Zealot x4  
  79  8:57  Zealot x2  
  95  9:17  Templar Archives  
  95  9:21  Assimilator  
  95  9:24  Assimilator  
  95  9:37  Zealot x5  
  95  9:38  Zealot x5  
  115  9:58  Observer (Chrono Boost)  
  116  10:14  Observer (Chrono Boost)  
  103  10:23  Stalker x5  
  103  10:24  Stalker x3  
  109  10:36  High Templar x2  
  111  10:50  Archon  
  111  10:52  Stalker x2  
  111  10:53  Zealot  
  97  11:09  Zealot x5  
  83  11:19  Zealot x4  
  83  11:20  Zealot  
  79  11:39  Nexus  
  79  11:47  Stalker x2  
  79  11:48  Stalker  
  64  12:05  Zealot x4  
Show
View Real Time Build Order
Export as new Build Order

scraft Zerg 

Build Orders: Hatch First, Lurkers 

Get SALT Encoding   

  12  0:01  Drone  
  13  0:14  Overlord  
  13  0:19  Drone  
  14  0:34  Drone x2  
  16  0:38  Drone  
  17  0:58  Drone, Hatchery  
  17  1:13  Spawning Pool  
  17  1:14  Drone  
  17  1:29  Extractor  
  17  1:30  Drone x3  
  19  1:42  Overlord  
  19  2:01  Queen  
  21  2:11  Queen  
  21  2:14  Drone  
  24  2:32  Zergling x2  
  24  2:33  Zergling x10  
  30  2:44  Metabolic Boost  
  30  2:48  Queen  
  32  2:58  Queen  
  32  3:00  Zergling x4  
  36  3:23  Overlord  
  36  3:39  Spore Crawler  
  36  3:41  Queen  
  35  3:42  Spore Crawler  
  35  3:43  Queen  
  35  3:47  Zergling x2  
  35  3:48  Zergling x8  
  43  3:50  Zergling x2  
  44  3:59  Overlord  
  44  4:17  Queen  
  44  4:18  Drone x5  
  44  4:19  Drone  
  52  5:03  Overlord x2  
  52  5:09  Overlord  
  52  5:20  Queen  
  54  5:22  Hatchery  
  53  5:28  Drone  
  53  5:29  Drone x2  
  53  5:31  Drone  
  53  5:32  Drone x5  
  62  5:41  Drone  
  62  5:42  Drone x2  
  65  5:46  Lair  
  65  5:56  Queen  
  67  6:00  Extractor  
  67  6:03  Extractor, Drone x2  
  67  6:04  Drone  
  67  6:08  Overlord x3  
  67  6:10  Extractor  
  67  6:29  Drone  
  67  6:30  Drone x3  
  67  6:31  Drone x2  
  67  6:32  Queen  
  75  6:39  Queen  
  75  6:44  Drone x2  
  75  6:45  Drone  
  80  6:50  Hydralisk Den  
  79  7:30  Lurker Den  
  76  7:41  Muscular Augments  
  76  7:43  Hydralisk x7  
  76  7:44  Hydralisk  
  86  7:45  Overlord x3  
  92  7:54  Drone  
  92  7:55  Drone x3  
  96  8:22  Overseer  
  96  8:30  Extractor  
  96  8:31  Extractor, Drone x3  
  96  8:32  Drone x3  
  96  8:34  Overlord x3  
  100  8:36  Drone  
  100  8:38  Drone  
  100  8:39  Drone x5  
  107  9:05  Evolution Chamber  
  107  9:07  Evolution Chamber, Lurker  
  107  9:08  Lurker x7  
  107  9:09  Hydralisk x6, Evolution Chamber  
  114  9:11  Overlord x3  
  124  9:19  Hatchery  
  123  9:33  Hydralisk x4  
  123  9:37  Lurker x2  
  128  10:07  Zergling x2  
  127  10:20  Zergling x6  
  120  10:21  Hydralisk  
  120  10:22  Hydralisk x13  
  120  10:27  Hydralisk  
  142  10:44  Hydralisk  
  142  10:48  Hydralisk x2  
  135  10:51  Queen  
  135  10:52  Queen  
  127  10:58  Queen  
  127  11:02  Hydralisk x3  
  118  11:10  Hydralisk x3  
  103  11:12  Hydralisk x2  
  84  11:19  Hydralisk x2  
  83  11:27  Queen  
  75  11:33  Zergling x6  
Tags
 
Add a new tag
Caveats
  • Supply blocks, unpowered buildings, or Contaminate may cause inaccurate times.
  • Supply counts are checked every 10 seconds.